[Event "Late-Titled-Tuesday-Blitz-February-20-2024"]
[Site "Chess.com"]
[Date "2024.02.20"]
[Round "1"]
[White "Mr_Heisenberg13"]
[Black "IndianSchoolOfSuffering"]
[Result "1-0"]
[WhiteElo "2843"]
[BlackElo "2441"]
[TimeControl "180+1"]
[EndTime "14:05:07 PST"]
[Termination "Mr_Heisenberg13 won by checkmate"]

1. d4 Nf6 2. Nf3 d5 3. c4 c6 4.
Nc3 e6 5. e3 Nbd7 6. Qc2 Bd6 7.
Bd3 Qe7 8. O-O O-O 9. a3 b6 10.
e4 dxe4 11. Nxe4 Nxe4 12. Bxe4 Nf6 13. Bxc6 Rb8 14. Bg5 h6 15. Bh4 Bb7 16. Bxb7 Rxb7 17. Ne5 Rc8 18. Qa4 Rbc7 19. Rac1 g5 20. Bg3 Ne4 21.
Rfe1 Nxg3 22. hxg3 Bxe5 23. Rxe5 Qd6 24. Re4 Kg7 25.
Qb3 f5 26. Ree1 Qxd4 27. Rxe6 Rxc4 28. Re7+ Kg6 29. Rce1 R8c6 30. Qf3 Rc1 31. Kh2 R1c2 32. R1e6+ Rxe6 33. Rxe6+ Kg7 34. Qxf5 Rxf2 35. Qg6+ Kf8 36. Re8# 1-0

[Event "Late-Titled-Tuesday-Blitz-February-20-2024"]
[Site "Chess.com"]
[Date "2024.02.20"]
[Round "1"]
[White "tptagain"]
[Black "colegiodemadrid"]
[Result "1-0"]
[WhiteElo "2956"]
[BlackElo "2485"]
[TimeControl "180+1"]
[EndTime "14:05:09 PST"]
[Termination "tptagain won by resignation"]

1. d4 Nf6 2. Nf3 g6 3. Bg5 Bg7 4. Nbd2 d5 5. e3 O-O 6. Be2 Nbd7 7. h3 Re8 8. Bf4 c5 9. O-O Qb6 10. Qc1 Nf8 11. c3 cxd4 12. exd4 Bf5 13. Re1 Rac8 14. a4 Ne4 15. a5 Qc6 16. Ne5 Qf6 17. Nxe4 Bxe4 18.
a6 b6 19. Bb5 Red8 20. Qe3 Ne6 21. Bg3 Qg5 22. Qxg5 Nxg5 23. Nc6 Rd7 24. f3 Bf5 25. Nxe7+ Rxe7 26. Rxe7 1-0

[Event "Late-Titled-Tuesday-Blitz-February-20-2024"]
[Site "Chess.com"]
[Date "2024.02.20"]
[Round "1"]
[White "mbojan"]
[Black "picturesquecheck"]
[Result "1-0"]
[WhiteElo "2870"]
[BlackElo "2453"]
[TimeControl "180+1"]
[EndTime "14:05:13 PST"]
[Termination "mbojan won by resignation"]

1. e4 c5 2. Nf3 d6 3. d4 cxd4 4.
Nxd4 Nf6 5. Nc3 Nc6 6. Nxc6 bxc6 7. Bd3 e5 8. O-O Be7 9. Qe2 O-O 10. b3 Re8 11. Rd1 Bf8 12. Na4 d5 13. c4 d4 14. c5 Nd7 15. Ba3 g6 16. Rac1 Bh6 17.
Rc2 Nf6 18. Bc1 Bg4 19. f3 Bxc1 20. Rcxc1 Be6 21. Nb2 Nh5 22. g3 Qe7 23. Bc4 Bd7 24.
Nd3 a5 25. Rf1 a4 26. b4 Reb8 27. a3 Kg7 28. Kh1 Re8 29. Rce1 Be6 30. Nxe5 Bh3 31. Nxf7 Bxf1 32. Rxf1 Rf8 33. Nd6 Rad8 34. e5 Qg5 35.
f4 Qh6 36. Kg2 g5 37. f5 Kh8 38. f6 Qg6 39. Qd3 1-0

[Event "Late-Titled-Tuesday-Blitz-February-20-2024"]
[Site "Chess.com"]
[Date "2024.02.20"]
[Round "1"]
[White "Iuckyducky"]
[Black "YurasovMat-2012"]
[Result "0-1"]
[WhiteElo "2295"]
[BlackElo "2609"]
[TimeControl "180+1"]
[EndTime "14:05:13 PST"]
[Termination "YurasovMat-2012 won by resignation"]

1. e4 e5 2. Nf3 Nf6 3. Nxe5 d6 4. Nc4 Nxe4 5. Qe2 Qe7 6. Ne3 Nf6 7. d4 g6 8. Nc3 c6 9. Bd2 Bg7 10. O-O-O O-O 11.
f3 d5 12. h4 Re8 13. g4 h5 14. Bh3 hxg4 15. fxg4 Ne4 16. Nxe4 Qxe4 17. Rhg1 Qxd4 18. c3 Qa4 19. Kb1 Be6 20. Qd3 d4 21. b3 Bxb3 22.
axb3 Qxb3+ 23. Kc1 dxe3 24. Bxe3 Bxc3 25. Rg2 Na6 26.
h5 Nb4 27. Qb1 Qa3+ 28. Rb2 Rxe3 29. hxg6 Bxb2+ 30. Qxb2 Qxb2+ 31. Kxb2 Rxh3 32. gxf7+ Kxf7 33. Rd7+ Ke6 34. Rxb7 a5 35. g5 Rf8 36. g6 Rf2+ 0-1

[Event "Late-Titled-Tuesday-Blitz-February-20-2024"]
[Site "Chess.com"]
[Date "2024.02.20"]
[Round "1"]
[White "krucki03"]
[Black "icaughtacrab"]
[Result "1-0"]
[WhiteElo "2534"]
[BlackElo "2053"]
[TimeControl "180+1"]
[EndTime "14:05:13 PST"]
[Termination "krucki03 won by resignation"]

1. b3 e5 2. Bb2 Nc6 3. g3 Nf6 4. Bg2 d5 5. e3 Bd6 6. Ne2 O-O 7. O-O Bf5 8. d3 Qd7 9. Nd2 Rad8 10. a3 Rfe8 11. b4 Bh3 12. Nb3 Bxg2 13. Kxg2 b6 14. c4 Bf8 15. Rc1 h6 16. Nc3 dxc4 17.
dxc4 Qxd1 18. Rfxd1 Ne7 19. Nb5 Rc8 20. Nxa7 Ra8 21.
Nb5 Rac8 22. Bxe5 Ng6 23. Bxf6 gxf6 24. N3d4 Kg7 25. Nf5+ Kh7 26. Rd7 Ne7 27. Nxe7 Rxe7 28. Rxe7 Bxe7 29. Rd1 c6 30. Nd4 Rc7 31. Nf5 Bf8 32.
Rd8 Bg7 33. Nxg7 Kxg7 34. e4 Ra7 35. Rd3 Ra4 36. Kf3 c5 37. Rb3 f5 38. exf5 Kf6 39. g4 Ke5 40. h4 Kd4 41. g5 hxg5 42. hxg5 Kxc4 43. Re3 cxb4 44. axb4 Ra8 45. Re4+ Kd5 46. Kf4 Rg8 47. Re7 Rg7 48. g6 Kd6 49. Rxf7 Rxf7 50. gxf7 Ke7 51. Ke5 Kxf7 52. f6 Kf8 53. Ke6 1-0

[Event "Late-Titled-Tuesday-Blitz-February-20-2024"]
[Site "Chess.com"]
[Date "2024.02.20"]
[Round "1"]
[White "Elsa167"]
[Black "jactorres"]
[Result "1-0"]
[WhiteElo "2884"]
[BlackElo "2454"]
[TimeControl "180+1"]
[EndTime "14:05:17 PST"]
[Termination "Elsa167 won on time"]

1. d4 Nf6 2. c4 e6 3. Nf3 b6 4. Bf4 Bb7 5. e3 Be7 6. Nc3 O-O 7. h3 c5 8. d5 exd5 9. cxd5 d6 10. e4 Re8 11.
Be2 Bf8 12. Nd2 a6 13. a4 Nbd7 14. O-O Rc8 15. Re1 Ne5 16. Qb3 h6 17. Bxe5 dxe5 18.
Nc4 Nd7 19. Bg4 b5 20. axb5 axb5 21. Qxb5 1-0

[Event "Late-Titled-Tuesday-Blitz-February-20-2024"]
[Site "Chess.com"]
[Date "2024.02.20"]
[Round "1"]
[White "jup1978"]
[Black "jefferyx"]
[Result "0-1"]
[WhiteElo "2504"]
[BlackElo "3021"]
[TimeControl "180+1"]
[EndTime "14:05:18 PST"]
[Termination "jefferyx won by resignation"]

1. e4 c5 2. Nf3 d6 3. d4 cxd4 4. Nxd4 Nf6 5. Nc3 a6 6. Nb3 g6 7.
Be2 Bg7 8. Be3 O-O 9. f3 b5 10. Qd2 Nbd7 11. O-O-O b4 12. Nd5 Nxd5 13. Qxd5 Rb8 14.
Bd4 Bb7 15. Qc4 a5 16. Bxg7 Kxg7 17. Kb1 Kg8 18. h4 Qb6 19. Qd4 a4 20. Qxb6 Nxb6 21. Na5 Ba8 22. Nc4 Rfc8 23. Nxb6 Rxb6 24. Rd4 Rc5 25.
Rhd1 Kg7 26. b3 a3 27. Rc4 Rxc4 28. Bxc4 Kf6 29. Bd5 Bxd5 30. Rxd5 e6 31. Rd4 Ke5 32. c3 bxc3 33. Rc4 Kf4 34. Rxc3 Kg3 35. Rc7 f5 36. exf5 gxf5 37. Rxh7 Kxg2 38. Re7 e5 39. h5 Kxf3 40. h6 Rb8 41. h7 f4 42. Kc2 Ke2 43. Rg7 Rc8+ 44. Kb1 Rh8 45. Rg2+ Ke3 0-1

[Event "Late-Titled-Tuesday-Blitz-February-20-2024"]
[Site "Chess.com"]
[Date "2024.02.20"]
[Round "1"]
[White "ljm509"]
[Black "sina101"]
[Result "0-1"]
[WhiteElo "2048"]
[BlackElo "2534"]
[TimeControl "180+1"]
[EndTime "14:05:20 PST"]
[Termination "sina101 won by resignation"]

1. e4 g6 2. d4 Bg7 3. f3 d6 4. Be3 Nf6 5. Qd2 O-O 6. Bh6 e5 7. d5 c6 8. c4 cxd5 9. cxd5 Nxe4 10. fxe4 Qh4+ 11. Qf2 Qxf2+ 12. Kxf2 Bxh6 13. Nc3 a6 14. Nf3 Nd7 15. b4 f5 16. Bd3 Nf6 17. Ke2 Bd7 18.
exf5 gxf5 19. Nh4 e4 0-1

[Event "Late-Titled-Tuesday-Blitz-February-20-2024"]
[Site "Chess.com"]
[Date "2024.02.20"]
[Round "1"]
[White "Chessdude1987"]
[Black "djano"]
[Result "0-1"]
[WhiteElo "2356"]
[BlackElo "2667"]
[TimeControl "180+1"]
[EndTime "14:05:21 PST"]
[Termination "djano won by resignation"]

1. e4 c5 2. Nf3 Nc6 3. Bb5 e5 4. O-O Nge7 5. Re1 g6 6. c3 Bg7 7. d4 cxd4 8. cxd4 exd4 9. Nbd2 O-O 10. Nb3 a6 11. Bf1 d5 12. exd5 Qxd5 13. h3 Bf5 14.
Bg5 f6 15. Rc1 Kh8 16. Bf4 g5 17. Bg3 d3 18. Rc5 Qd7 19. Re3 Rad8 20. Nfd2 Bg6 21. Rc3 Nd5 22. Rcxd3 Nxe3 23. Rxd7 Nxd1 24. Rxb7 f5 25.
Rc7 Nd4 26. Nxd4 Bxd4 27. Nb3 f4 28. Nxd4 Rxd4 29. Bh2 Nxb2 30. h4 Rd1 31. Rc3 Bd3 0-1

[Event "Late-Titled-Tuesday-Blitz-February-20-2024"]
[Site "Chess.com"]
[Date "2024.02.20"]
[Round "1"]
[White "Romadk"]
[Black "Oleksandr_Bortnyk"]
[Result "0-1"]
[WhiteElo "2512"]
[BlackElo "3077"]
[TimeControl "180+1"]
[EndTime "14:05:24 PST"]
[Termination "Oleksandr_Bortnyk won by resignation"]

1. d4 Nf6 2. Nf3 b6 3. g3 Bb7 4. Bg2 g6 5. O-O Bg7 6. c4 O-O 7. Nc3 Ne4 8. Qc2 Nxc3 9. Qxc3 c5 10. Be3 Nc6 11. Qd2 d6 12. Rac1 Rc8 13. Rfd1 Re8 14. b3 Qc7 15. dxc5 bxc5 16. Bh6 Bh8 17. h4 Qa5 18.
Qxa5 Nxa5 19. Nd2 Bxg2 20. Kxg2 Nc6 21. e3 a5 22. h5 a4 23. hxg6 hxg6 24. Ne4 axb3 25.
axb3 Rb8 26. Rd3 Na5 27. Nd2 Rb7 28. e4 Reb8 29. Rb1 Nc6 30. Be3 Nb4 31. Rd5 Nxd5 32.
exd5 Bc3 33. Ne4 Rxb3 34. Nxc3 Rxb1 35. Nxb1 Rxb1 36. Bg5 Kf8 0-1

[Event "Late-Titled-Tuesday-Blitz-February-20-2024"]
[Site "Chess.com"]
[Date "2024.02.20"]
[Round "1"]
[White "JulbeNn"]
[Black "Yushko_Olga"]
[Result "0-1"]
[WhiteElo "2544"]
[BlackElo "2207"]
[TimeControl "180+1"]
[EndTime "14:05:26 PST"]
[Termination "Yushko_Olga won on time"]

1. e4 e6 2. d4 d5 3. e5 c5 4. dxc5 Nc6 5. Nf3 Qc7 6. Bf4 Bxc5 7. Bd3 Qb6 8. O-O Qxb2 9. Nbd2 Qb6 10. c4 dxc4 11.
Nxc4 Qc7 12. Rc1 Bd7 13. Nd6+ Bxd6 14. exd6 Qd8 15. Qb3 Rb8 16. Bg5 Nf6 17. Rfd1 O-O 18. Qb1 h6 19. Bh4 a5 20. a4 Nb4 21. Bh7+ Kh8 22.
Ne5 Bxa4 23. Rd4 b5 24. Rc7 Rb6 25. Rxf7 Bc2 26. Rxf8+ Qxf8 27. Qxc2 Nxc2 28. Ng6+ Kxh7 29. Nxf8+ Kg8 30. d7 Nxd7 31. Rxd7 Kxf8 0-1

[Event "Late-Titled-Tuesday-Blitz-February-20-2024"]
[Site "Chess.com"]
[Date "2024.02.20"]
[Round "1"]
[White "sergoy"]
[Black "ajeale2"]
[Result "1-0"]
[WhiteElo "2999"]
[BlackElo "2498"]
[TimeControl "180+1"]
[EndTime "14:05:27 PST"]
[Termination "sergoy won on time"]

1. d4 d5 2. c4 e6 3. Nf3 Nf6 4.
Nc3 a6 5. cxd5 exd5 6. Bg5 Be6 7. Bxf6 Qxf6 8. Qb3 b6 9. g3 Qd8 10. Bg2 c6 11. Qc2 Be7 12. O-O O-O 13. e4 Bf6 14. Rad1 Nd7 15. h4 Rc8 16. Rfe1 Re8 17. a3 g6 18. Qd2 Bg7 19. Ng5 Nf6 20. e5 Nd7 21. Nxe6 fxe6 22. h5 gxh5 23. Bh3 h4 24. g4 Nf8 25. f4 Qe7 26. f5 exf5 27. gxf5 Qf7 28. f6 Qg6+ 29. Kh1 Bh6 30. Qf2 Rcd8 31. Rg1 Bg5 32. Rxg5 Qxg5 33. Rg1 Qxg1+ 34. Qxg1+ Ng6 35. e6 Kh8 36. Qg5 Rg8 37. f7 Rg7 38. Qxd8+ 1-0

[Event "Late-Titled-Tuesday-Blitz-February-20-2024"]
[Site "Chess.com"]
[Date "2024.02.20"]
[Round "1"]
[White "jrbarreto"]
[Black "Doomfist26"]
[Result "0-1"]
[WhiteElo "2354"]
[BlackElo "2656"]
[TimeControl "180+1"]
[EndTime "14:05:28 PST"]
[Termination "Doomfist26 won by resignation"]

1. d4 Nf6 2. c3 g6 3. g3 Bg7 4. Bg2 d6 5. e4 O-O 6. Ne2 c5 7.
O-O Nc6 8. h3 e5 9. dxc5 dxc5 10. Be3 Qe7 11. Qa4 Rd8 12. Qb5 Bf8 13. Na3 a6 14.
Qb3 Be6 15. Qc2 Rac8 16. Rfd1 Nd4 17. Nxd4 cxd4 18. Bg5 h6 19. Bxf6 Qxf6 20. Nb1 Bc5 21. Qe2 b5 22. Nd2 dxc3 23. bxc3 Ba3 24. Nb1 Rxd1+ 25. Qxd1 Bb2 0-1

[Event "Late-Titled-Tuesday-Blitz-February-20-2024"]
[Site "Chess.com"]
[Date "2024.02.20"]
[Round "1"]
[White "winniethepooh04"]
[Black "vrekhson"]
[Result "1-0"]
[WhiteElo "2562"]
[BlackElo "2186"]
[TimeControl "180+1"]
[EndTime "14:05:29 PST"]
[Termination "winniethepooh04 won by resignation"]

1. d4 Nf6 2. Nf3 d5 3. Bf4 e6 4. e3 c5 5. c3 Nc6 6. Nbd2 Be7 7.
Bd3 h6 8. h3 b6 9. O-O Bb7 10.
Qe2 g5 11. Bh2 g4 12. hxg4 Nxg4 13. Bf4 Bd6 14. dxc5 Bxf4 15. exf4 bxc5 16. Ne5 Ngxe5 17.
fxe5 Rg8 18. Nf3 c4 19. Bc2 d4 20. Qxc4 Na5 21. Ba4+ Kf8 22. Qc5+ Kg7 23. Nxd4 Bxg2 24. Kxg2 Kh8+ 25. Kf3 Qg5 26. Qxa5 Qg2+ 27. Ke3 Rg4 28. Bc6 Qh3+ 29. f3 Rg2 30. Bxa8 Rxb2 31. Qd8+ Kh7 32. Qf6 1-0

[Event "Late-Titled-Tuesday-Blitz-February-20-2024"]
[Site "Chess.com"]
[Date "2024.02.20"]
[Round "1"]
[White "yuriydovzik"]
[Black "tgpgoat"]
[Result "0-1"]
[WhiteElo "2159"]
[BlackElo "2549"]
[TimeControl "180+1"]
[EndTime "14:05:29 PST"]
[Termination "tgpgoat won on time"]

1. b3 Nf6 2. Bb2 e6 3. g3 Be7 4.
Bg2 O-O 5. Nf3 d5 6. c4 c6 7. O-O Nbd7 8. d3 b5 9. cxb5 cxb5 10.
Nbd2 a6 11. e4 Bb7 12. e5 Ne8 13. h4 Nc7 14. d4 b4 15. Nh2 Nb5 16. Nb1 Rc8 17. Re1 Nc3 18. Qf3 a5 19. Nxc3 bxc3 20. Bxc3 Qb6 21. Rac1 Rc7 22. Bb2 Rfc8 23. Rxc7 Rxc7 24.
Rc1 Rxc1+ 25. Bxc1 Qxd4 26. Bf4 Nxe5 27. Bxe5 Qxe5 28.
Ng4 Qc7 29. Ne3 Bf6 30. h5 h6 31. Ng4 Bg5 32. Qd3 Qb6 33. Kh2 Ba6 34. Qc2 Be7 35. f4 Qc5 36. Qd1 Bb5 37. Ne5 Bf6 0-1

[Event "Late-Titled-Tuesday-Blitz-February-20-2024"]
[Site "Chess.com"]
[Date "2024.02.20"]
[Round "1"]
[White "JonSnowNW1"]
[Black "FairChess_on_YouTube"]
[Result "0-1"]
[WhiteElo "2505"]
[BlackElo "3055"]
[TimeControl "180+1"]
[EndTime "14:05:31 PST"]
[Termination "FairChess_on_YouTube won by resignation"]

1. c4 e5 2. Nc3 Bb4 3. Nd5 Bc5 4. g3 c6 5. Nc3 d5 6. cxd5 cxd5 7. d3 Qb6 8. e3 d4 9. exd4 Bxd4 10. Qe2 Nf6 11. Bg2 O-O 12. Nf3 Nc6 13. O-O Bg4 14. Bg5 Nd7 15. Qe4 Bxf3 16. Bxf3 Qxb2 17. Nd5 f5 18.
Qh4 Nc5 19. Be7 Nxd3 20. Rab1 Qxa2 21. Bxf8 Nxf2 22. Nc7 e4 23. Bg2 Rxf8 24. Rxb7 Ne5 25. Qe7 Nf3+ 26. Bxf3 Ng4+ 0-1

[Event "Late-Titled-Tuesday-Blitz-February-20-2024"]
[Site "Chess.com"]
[Date "2024.02.20"]
[Round "1"]
[White "platy3"]
[Black "ATM622"]
[Result "1-0"]
[WhiteElo "2946"]
[BlackElo "2473"]
[TimeControl "180+1"]
[EndTime "14:05:31 PST"]
[Termination "platy3 won by resignation"]

1. e4 c6 2. Nf3 d5 3. Nc3 dxe4 4. Nxe4 Bg4 5. Bc4 Bxf3 6. Qxf3 Nf6 7. O-O e6 8. c3 Nbd7 9. d4 Be7 10. Ng3 O-O 11.
Re1 b5 12. Bb3 Qb6 13. Nf5 exf5 14. Rxe7 Rae8 15. Rxe8 Rxe8 16. Bg5 g6 17. h3 Ne4 18.
Be3 Qd8 19. Rd1 Qf6 20. Bf4 a5 21. a3 a4 22. Ba2 Qe7 23. g4 fxg4 24. hxg4 Qh4 25.
Bxf7+ Kg7 26. Bxe8 Nxf2 27. Bg3 Nh3+ 28. Kg2 1-0

[Event "Late-Titled-Tuesday-Blitz-February-20-2024"]
[Site "Chess.com"]
[Date "2024.02.20"]
[Round "1"]
[White "ritanovikova"]
[Black "Gentlejimmy7"]
[Result "0-1"]
[WhiteElo "2202"]
[BlackElo "2567"]
[TimeControl "180+1"]
[EndTime "14:05:31 PST"]
[Termination "Gentlejimmy7 won by resignation"]

1. e4 c6 2. d4 d5 3. Nd2 dxe4 4. Nxe4 Nf6 5. Nxf6+ exf6 6. Nf3 Bd6 7. Be2 O-O 8.
Be3 Qc7 9. h3 f5 10. c4 Nd7 11.
c5 Bf4 12. Qd2 Bxe3 13. Qxe3 Nf6 14. Qe5 Qa5+ 15. Kf1 Be6 16. Ng5 Rae8 17. Nxe6 Rxe6 18. Qxf5 Rfe8 19. b4 Qxb4 20. Rb1 Rxe2 21. g4 Qxd4 22. g5 Ne4 0-1

[Event "Late-Titled-Tuesday-Blitz-February-20-2024"]
[Site "Chess.com"]
[Date "2024.02.20"]
[Round "1"]
[White "prime-morty"]
[Black "rcmz"]
[Result "1-0"]
[WhiteElo "2552"]
[BlackElo "2173"]
[TimeControl "180+1"]
[EndTime "14:05:31 PST"]
[Termination "prime-morty won by resignation"]

1. c4 d6 2. Nc3 Nd7 3. g3 c6 4. Bg2 h6 5. d4 g5 6. h4 g4 7.
e4 h5 8. f3 Ngf6 9. d5 Qb6 10.
f4 Bg7 11. Qe2 Qc7 12. Be3 a6 13. Rc1 c5 14. Qd2 Qa5 15. a3 b5 16. cxb5 axb5 17.
Nge2 b4 18. axb4 Qxb4 19. O-O Ba6 20. e5 dxe5 21. d6 Rc8 22. dxe7 Bxe2 23. Qxe2 Kxe7 24. fxe5 Nxe5 25. Bg5 Qd4+ 26. Kh1 Ke6 27. Rcd1 Qc4 28. Rxf6+ Bxf6 29. Bd5+ Qxd5+ 30. Rxd5 1-0

[Event "Late-Titled-Tuesday-Blitz-February-20-2024"]
[Site "Chess.com"]
[Date "2024.02.20"]
[Round "1"]
[White "LuckyTiger"]
[Black "Supelyel"]
[Result "1-0"]
[WhiteElo "2778"]
[BlackElo "2410"]
[TimeControl "180+1"]
[EndTime "14:05:33 PST"]
[Termination "LuckyTiger won by resignation"]

1. e4 d6 2. d4 Nf6 3. Nc3 e5 4. Nf3 Nbd7 5. Bc4 Be7 6. O-O O-O 7. Re1 c6 8. a4 h6 9. h3 Re8 10. a5 Rb8 11. d5 Qc7 12. Qe2 Bf8 13. Be3 a6 14.
Nd2 c5 15. Bd3 b5 16. axb6 Rxb6 17. Nc4 Rb4 18. b3 g6 19. Nd2 Nb8 20. Na4 Bg7 21.
c3 Rb7 22. b4 cxb4 23. cxb4 Rxb4 24. Rec1 Qb7 25. Nc4 Bf8 26. Bd2 Rb3 27. Na5 Rxd3 28. Nxb7 Rxd2 29. Qxd2 Bxb7 30. Qb4 Bc8 31. Qxb8 1-0

[Event "Late-Titled-Tuesday-Blitz-February-20-2024"]
[Site "Chess.com"]
[Date "2024.02.20"]
[Round "1"]
[White "carloseduar100"]
[Black "karinachess1"]
[Result "0-1"]
[WhiteElo "2358"]
[BlackElo "2670"]
[TimeControl "180+1"]
[EndTime "14:05:34 PST"]
[Termination "karinachess1 won on time"]

1. e4 e5 2. Nf3 Nc6 3. Nc3 Nf6 4.
Nxe5 Nxe5 5. d4 Ng6 6. e5 Ng8 7. Bc4 Bb4 8. O-O Bxc3 9. bxc3 N8e7 10. f4 d5 11. Bd3 Bf5 12. g4 Bxd3 13. Qxd3 Qd7 14.
f5 Nf8 15. a4 O-O-O 16. a5 a6 17. Bf4 h5 18. h3 hxg4 19. hxg4 g6 0-1

[Event "Late-Titled-Tuesday-Blitz-February-20-2024"]
[Site "Chess.com"]
[Date "2024.02.20"]
[Round "1"]
[White "Agentxya"]
[Black "DefiantChair"]
[Result "0-1"]
[WhiteElo "2268"]
[BlackElo "2602"]
[TimeControl "180+1"]
[EndTime "14:05:35 PST"]
[Termination "DefiantChair won by resignation"]

1. e4 c5 2. Nf3 d6 3. d4 cxd4 4. Nxd4 Nf6 5. Nc3 a6 6. Be3 e5 7. Nb3 Be7 8. f3 Be6 9. Qd2 h5 10. O-O-O Nbd7 11. g3 Rc8 12. Kb1 Nb6 13. h3 Nc4 14.
Bxc4 Rxc4 15. Rhe1 Bxh3 16. Qd3 Rc8 17. f4 Bg4 18. Rd2 Qc7 19. fxe5 dxe5 20. Nd5 Nxd5 21. exd5 Bd6 22. Rf2 O-O 23. Nd2 f5 24. Qb3 Rf7 25. Rc1 b6 26. Qxb6 Qxb6 27. Bxb6 e4 28. c4 Bxg3 29. Rg2 h4 30. c5 e3 31. Nc4 e2 32.
Nd6 Bxd6 33. Re1 Bg3 34. Rxg3 hxg3 35. Rxe2 Bxe2 36. Kc2 Bf3 37. d6 g2 38. b4 g1=Q 39. b5 Rxc5+ 40. Bxc5 Qxc5+ 0-1

[Event "Late-Titled-Tuesday-Blitz-February-20-2024"]
[Site "Chess.com"]
[Date "2024.02.20"]
[Round "1"]
[White "AlexTruskavetsky"]
[Black "Kopytkin"]
[Result "1-0"]
[WhiteElo "2712"]
[BlackElo "2377"]
[TimeControl "180+1"]
[EndTime "14:05:39 PST"]
[Termination "AlexTruskavetsky won on time"]

1. d4 Nf6 2. c4 d6 3. Nc3 e5 4. Nf3 Nc6 5. d5 Nb8 6. e4 g6 7. Be2 Bg7 8. O-O O-O 9. Rb1 a5 10. a3 a4 11. Nxa4 Nxe4 12. Bd3 Nc5 13. Nxc5 dxc5 14.
b4 Na6 15. Re1 Re8 16. Bb2 Qd6 17. b5 Nb8 18. Qe2 Bg4 19. h3 Bxf3 20. Qxf3 Nd7 21.
g4 f6 22. h4 Rf8 23. h5 f5 24. gxf5 gxf5 25. Bxf5 Kh8 26. Qh3 Nb6 27. h6 Bf6 28. Re4 Rg8+ 29. Kh1 Rg5 30. Rbe1 Rag8 31. Rxe5 Bxe5 32.
Bxe5+ Qxe5 33. Rxe5 Nxc4 34. Re7 1-0

[Event "Late-Titled-Tuesday-Blitz-February-20-2024"]
[Site "Chess.com"]
[Date "2024.02.20"]
[Round "1"]
[White "Superfelix"]
[Black "OparinGrigoriy"]
[Result "1-0"]
[WhiteElo "2509"]
[BlackElo "2982"]
[TimeControl "180+1"]
[EndTime "14:05:40 PST"]
[Termination "Superfelix won by resignation"]

1. e4 d6 2. d4 g6 3. Nc3 Bg7 4. f4 a6 5. a4 Nc6 6. Be3 Nf6 7. d5 Nb4 8. Nf3 a5 9. Bc4 O-O 10. O-O c6 11. dxc6 bxc6 12. Kh1 d5 13. exd5 cxd5 14. Bb3 Bg4 15. Qd2 Bxf3 16. gxf3 Ne4 17. fxe4 d4 18.
Rad1 dxe3 19. Qxe3 Qc7 20. e5 e6 21. Nb5 Qb8 22.
c3 Na6 23. Rd7 Rc8 24. f5 Nc5 25. fxe6 Nxd7 26. exd7 Qb7+ 27. Kg1 Rf8 28. Rxf7 Rxf7 29. Bxf7+ Kh8 30. e6 Qd5 31. e7 Qd1+ 32. Kf2 Qc2+ 33. Kg3 h5 34. e8=Q+ Kh7 35. Bxg6+ 1-0

[Event "Late-Titled-Tuesday-Blitz-February-20-2024"]
[Site "Chess.com"]
[Date "2024.02.20"]
[Round "1"]
[White "Real_taiatai"]
[Black "Alex_Sahakyan2006"]
[Result "1-0"]
[WhiteElo "2458"]
[BlackElo "2829"]
[TimeControl "180+1"]
[EndTime "14:05:40 PST"]
[Termination "Real_taiatai won by resignation"]

1. d4 Nf6 2. c4 e6 3. g3 c5 4. d5 exd5 5. cxd5 d6 6. Nc3 g6 7. Bg2 Bg7 8. Nf3 O-O 9. O-O Re8 10. Bf4 Ne4 11. Nxe4 Rxe4 12. Nd2 Rxf4 13. gxf4 Bxb2 14. Rb1 Bg7 15. Nc4 Na6 16. e4 Bh6 17. Qf3 Nc7 18.
e5 Ne8 19. Rfe1 b6 20. e6 f5 21. e7 Qc7 22. h4 Bd7 23. h5 Nf6 24. hxg6 hxg6 25. Qg3 Kf7 26. Re6 Rg8 27. Nxd6+ Kg7 28. Nxf5+ Kh7 29. Nxh6 Bxe6 30. Nxg8 Bxg8 31. Qh4+ Kg7 32.
Qxf6+ Kxf6 33. e8=N+ 1-0

[Event "Late-Titled-Tuesday-Blitz-February-20-2024"]
[Site "Chess.com"]
[Date "2024.02.20"]
[Round "1"]
[White "rezamahdavi2008"]
[Black "Mikhal867"]
[Result "1-0"]
[WhiteElo "2832"]
[BlackElo "2433"]
[TimeControl "180+1"]
[EndTime "14:05:40 PST"]
[Termination "rezamahdavi2008 won on time"]

1. d4 Nf6 2. c4 g6 3. Nf3 Bg7 4.
g3 O-O 5. Bg2 d6 6. O-O Nbd7 7.
Nc3 e5 8. e4 c6 9. h3 Qb6 10.
Re1 Qb4 11. Bf1 exd4 12. Nxd4 Ne5 13. Nc2 Qa5 14. f4 Ned7 15. Qxd6 Re8 16. e5 Nh5 17.
Kh2 Nxe5 18. fxe5 Rxe5 19. b4 Qb6 20. c5 Rxe1 21. cxb6 Bxc3 22. Nxe1 Bxa1 23. Qd8+ Kg7 24. Nf3 axb6 25. Bc4 Bf6 26. Qe8 1-0

[Event "Late-Titled-Tuesday-Blitz-February-20-2024"]
[Site "Chess.com"]
[Date "2024.02.20"]
[Round "1"]
[White "krzyzan94"]
[Black "inagreV"]
[Result "1-0"]
[WhiteElo "2788"]
[BlackElo "2416"]
[TimeControl "180+1"]
[EndTime "14:05:41 PST"]
[Termination "krzyzan94 won by resignation"]

1. e4 c5 2. Nf3 Nc6 3. Bb5 e6 4. Bxc6 bxc6 5. d3 Ne7 6. Nbd2 Ng6 7. h4 h5 8. e5 d6 9. exd6 Bxd6 10. Ne4 e5 11.
Be3 Bg4 12. Qe2 Rb8 13. b3 Qa5+ 14. Bd2 Qc7 15. O-O-O O-O 16. Nxd6 Qxd6 17. Qe4 f5 18.
Qc4+ Qd5 19. Rde1 Rfe8 20. Ng5 Qxc4 21. dxc4 f4 22. Ne4 Red8 23. Nxc5 f3 24. g3 Kf7 25. Bc3 Kf6 26. Re3 Re8 27. Rhe1 Rbd8 28. Nd3 Kf5 29. Nxe5 Nxe5 30. Rxe5+ Rxe5 31. Rxe5+ Kg6 32. Rg5+ Kf7 33.
Rxg7+ 1-0

[Event "Late-Titled-Tuesday-Blitz-February-20-2024"]
[Site "Chess.com"]
[Date "2024.02.20"]
[Round "1"]
[White "Doudou2015"]
[Black "TokChess"]
[Result "0-1"]
[WhiteElo "2185"]
[BlackElo "2557"]
[TimeControl "180+1"]
[EndTime "14:05:41 PST"]
[Termination "TokChess won on time"]

1. b3 d5 2. Bb2 Nf6 3. e3 e6 4.
f4 c5 5. Nf3 Nc6 6. Bb5 Bd7 7.
Bxc6 Bxc6 8. Ne5 Qc7 9. O-O Bd6 10. d3 O-O 11. Nd2 Nd7 12. Nxd7 Qxd7 13. Nf3 f6 14. Qe1 Rae8 15. Qh4 Qf7 16. h3 Qg6 17. Nh2 e5 18. Rf3 exf4 19. exf4 d4 20. Rg3 Qf5 21. Ng4 Kh8 22.
Rf1 Re2 23. Nh2 Rxc2 24. Bc1 Re8 25. Nf3 Rxc1 26. Rxc1 Qxf4 0-1

[Event "Late-Titled-Tuesday-Blitz-February-20-2024"]
[Site "Chess.com"]
[Date "2024.02.20"]
[Round "1"]
[White "Eloist"]
[Black "jcibarra"]
[Result "0-1"]
[WhiteElo "2471"]
[BlackElo "2930"]
[TimeControl "180+1"]
[EndTime "14:05:42 PST"]
[Termination "jcibarra won by resignation"]

1. e4 c5 2. Nf3 e6 3. d4 cxd4 4. Nxd4 Bc5 5. Nc3 Qb6 6. Na4 Qa5+ 7. c3 Bxd4 8. Qxd4 Nf6 9. Nc5 Nc6 10. Qd6 b6 11. Nb3 Qe5 12. Qxe5 Nxe5 13. f4 Ng6 14. e5 Nd5 15. g3 Bb7 16. Rg1 O-O-O 17. Bd2 d6 18. exd6 Rxd6 19. O-O-O Rhd8 20. Bg2 Kb8 21. h4 h5 22. Nd4 Nge7 23. Bf3 Nf6 24. Bxb7 Kxb7 25. Be3 Ng4 26. Rge1 g6 27. Bg1 a6 28. Nf3 Nf5 29. Rxd6 Rxd6 30. Ng5 Rd7 31. Ne4 Rd3 32. Kc2 Rf3 33. Rd1 Nfe3+ 34. Bxe3 Nxe3+ 0-1